 Dungeon Crawl Stone Soup version 0.27.1-34-g3ba077fa99 (webtiles) character file.

Game seed: 6518187250952151978

117 pkoi the Skirmisher (level 4, 0/41 HPs)
             Began as a Draconian Monk on Jan 11, 2022.
             Slain by an orc priest (3 damage)
             ... on level 4 of the Dungeon.
             The game lasted 00:03:08 (2872 turns).

pkoi the Skirmisher (Draconian Monk)                Turns: 2872, Time: 00:03:09

Health: 0/41       AC:  6    Str: 12 (13) XL:     4   Next: 71%
Magic:  4/4        EV: 13    Int: 10 (11) God:
Gold:   89         SH:  0    Dex: 14      Spells: 3/3 levels left

rFire    . . .     SeeInvis .   e - +1 dagger (elec)
rCold    . . .     Faith    .   (no shield)
rNeg     . . .     Spirit   .   (armour unavailable)
rPois    .         Reflect  .   (helmet restricted)
rElec    .         Harm     .   c - +0 cloak
rCorr    .         Rampage  .   (no gloves)
Will     .....                  (no boots)
Stlth    ++........             (no amulet)
HPRegen  0.13/turn              (no ring)
MPRegen  0.09/turn              (no ring)

@: no status effects
A: AC +5, unfitting armour, cold-blooded
a: no special abilities


You were on level 4 of the Dungeon.
You visited 1 branch of the dungeon, and saw 4 of its levels.

You collected 89 gold pieces.

Inventory:

Hand Weapons
 b - a +0 whip
 e - a +1 dagger of electrocution (weapon)
Missiles
 f - 33 poisoned darts (quivered)
Armour
 c - a +0 cloak (worn)
Wands
 i - a wand of polymorph (5)
Scrolls
 a - a scroll of enchant weapon
 d - a scroll of silence
 g - a scroll of identify
Potions
 h - a potion of lignification
 j - a potion of brilliance
 k - a potion of heal wounds


   Skills:
 + Level 4.6 Fighting
 - Level 3.0 Dodging
 - Level 1.7 Stealth
 + Level 4.4 Unarmed Combat


You had 3 spell levels left.
You didn't know any spells.
Your spell library was empty.

Dungeon Overview and Level Annotations

Branches:
Dungeon (4/15)
 Temple: D:4-7

Altars:
Makhleb
Uskayaw
Zin

Shops:
D:1 *


Innate Abilities, Weirdness & Mutations

Your plain brown scales are hard. (AC +5)
You cannot fit into any form of body armour.
You are cold-blooded and may be slowed by cold attacks.


Message History

There is a stone staircase leading down here.
You climb downwards.
You hear the hiss of flowing sand.
There is an entrance to an ossuary on this level.
Hurry and find it before the portal is buried!
Found a puce potion.
There is a stone staircase leading up here.
k - a puce potion You start resting.
You hear the slow hiss of a distant avalanche of sand.
There is a stone staircase leading up here.
As you read the scroll of identify, it crumbles to dust.
h - a potion of lignification
As you read the scroll of identify, it crumbles to dust.
j - a potion of brilliance
As you read the scroll of identify, it crumbles to dust.
k - a potion of heal wounds You can't go down here!
You climb upwards.
The orc priest looks satisfied for a moment.
There is a stone staircase leading down here.
The orc priest hits you from afar with a +0 trident!
The orc priest invokes the aid of Beogh against you.
Beogh smites you!
The orc priest invokes the aid of Beogh against you.
Beogh smites you!
* * * LOW HITPOINT WARNING * * *
There is a stone staircase leading down here.
You can't go up here!
The orc priest barely misses you. The orc priest closely misses you.
You climb downwards.
You hear the hiss of flowing sand.
There is an entrance to an ossuary on this level.
Hurry and find it before the portal is buried!
There is a stone staircase leading up here.
You hear the crackle of electricity.
e - a +1 dagger of electrocution (weapon)
The orc priest hits you with a +2 vorpal falchion.
* * * LOW HITPOINT WARNING * * *
x2 You hit the orc priest but do no damage.
The orc priest hits you with a +2 vorpal falchion.
You die...

. ###. ...
##.###
#.... #..#
#..#
...###..#
#.....@#
.......o.#
.#.#######
#


You could see an orc priest.

Vanquished Creatures
  Ijyb (D:3)
  2 adders (D:2)
  A worm (D:2)
  3 dart slugs
  An orc (D:3)
  An endoplasm (D:2)
  4 giant cockroaches
  8 hobgoblins
  4 jackals
  A quokka (D:1)
  5 ball pythons
  7 bats
  8 goblins
  8 kobolds
  4 rats
58 creatures vanquished.

Notes
Turn   | Place    | Note
-------+----------+-------------------------------------------
     0 | D:1      | pkoi the Draconian Monk began the quest for the Orb.
     0 | D:1      | Reached XP level 1. HP: 19/19 MP: 1/1
   169 | D:1      | Reached XP level 2. HP: 21/26 MP: 2/2
   170 | D:1      | Found a faded altar of an unknown god.
  1042 | D:1      | Found Posar's General Store.
  1055 | D:1      | Reached XP level 3. HP: 33/33 MP: 3/3
  2195 | D:2      | Reached XP level 4. HP: 32/40 MP: 4/4
  2534 | D:3      | Noticed Ijyb
  2646 | D:3      | Killed Ijyb
  2716 | D:3      | Found a hide-covered altar of Uskayaw.
  2716 | D:3      | Found a glowing silver altar of Zin.
  2776 | D:3      | Found a burning altar of Makhleb.
  2872 | D:4      | Slain by an orc priest

Illustrated notes

Levels and vault maps discovered:
D:1:      tarquinn_simple_flora_water_c, layout_loops_ring,
          ebering_ecumenical_altar_abandoned, serial_shops,
          nicolae_diamond_shop, corexii_leaking_fountain, st_stairs_5,
          minmay_unequal
D:2:      layout_rooms, minmay_fractal_squares_gapless_5
D:3:      layout_loops_ring, bloody_makhleb, jmf_multi_god_temple,
          mainiacjoe_overflow_alcove_2, mainiacjoe_overflow_catwalk,
          gammafunk_ghost_stat_death, uniq_ijyb
D:4:      layout_loops_ring, nicolae_ossuary_entry_plus

Skill      XL: |  1  2  3 |
---------------+----------+-----
Dodging        | 3 |  3.0
Fighting       | 4 |  4.6
Unarmed Combat | 4 |  4.4
Stealth        | |  1.7

Action                   |  1- 3 |  4- 6 || total
-------------------------+-------+-------++-------
Melee: Unarmed           |   155 |    36 ||   191
       Tailslap          |    11 |     5 ||    16
       Punch             |     2 |     1 ||     3
       Dagger            |     6 |     5 ||    11
  Use: Potion            |     3 |       ||     3
       Scroll            |     2 |     6 ||     8
 Stab: Sleeping          |     5 |     1 ||     6
Armor: Skin              |    70 |     8 ||    78
Dodge: Dodged            |   112 |    33 ||   145
